 Dungeon Crawl Stone Soup version 0.28.0-47-ge53b351184 (webtiles) character file.

Game seed: 12513402272766426042

16 Bruhh the Magician (level 2, 0/21 HPs)
             Began as a Djinni Fire Elementalist on Apr 28, 2022.
             Slain by a hound skeleton (2 damage)
             ... on level 2 of the Dungeon.
             The game lasted 00:00:56 (411 turns).

Bruhh the Magician (Djinni Fire Elementalist)        Turns: 411, Time: 00:00:56

Health: 0/21       AC:  2    Str:  7    XL:     2   Next: 70%
Gold:   6          EV: 12    Int: 16    God:
                   SH:  0    Dex: 13

rFire   + + .      SeeInvis .   (no weapon)
rCold   x . .      Faith    .   (no shield)
rNeg    . . .      Spirit   .   a - +0 robe
rPois   ∞          Reflect  .   (no helmet)
rElec   .          Harm     .   (no cloak)
rCorr   .          Rampage  .   (no gloves)
Will    .....                   (boots unavailable)
Stlth   ++........              (no amulet)
HPRegen 0.07/turn               (no ring)
MPRegen 0.00/turn               (no ring)

@: flying
A: sickness immunity, fire resistance 2, cold vulnerability 1, float, innate
caster, HP casting, extra vitality 1
a: no special abilities


You were on level 2 of the Dungeon.
You visited 1 branch of the dungeon, and saw 2 of its levels.

You collected 6 gold pieces.

Inventory:

Missiles
 c - 26 arrows
Armour
 a - a +0 robe (worn)
Potions
 b - a potion of curing {unknown}


   Skills:
 - Level 2.1 Dodging
 - Level 1.5 Stealth
 + Level 3.0 Spellcasting


You couldn't memorise any spells.
You knew the following spells:

 Your Spells              Type           Power      Damage    Failure   Level
a - Foxfire               Conj/Fire      48%        2x1d6     5%          1
b - Scorch                Fire           24%        2d6       8%          2
c - Conjure Flame         Conj/Fire      12%        6-21      16%         3
d - Inner Flame           Hex/Fire       12%        N/A       16%         3
e - Flame Wave            Conj/Fire      12%        2d6       45%         4
Your spell library was empty.

Dungeon Overview and Level Annotations

Branches:
Dungeon (2/15)

Altars:


Innate Abilities, Weirdness & Mutations

You are immune to sickness and miasma.
You are immune to poison.
Your flesh is very heat resistant. (rF++)
You are vulnerable to cold. (rC-)
You float through the air rather than walking.
You learn spells naturally, not from books.
Your magical power is your life essence.
You have superior vitality. (+4 MHP)


Message History

You kill the jackal!
The jackal barks!
A giant cockroach comes into view.
A kobold comes into view. It is wielding a +0 dagger.
The jackal barely misses you.
Your Spellcasting skill increases to level 3!
The jackal bites you. The jackal barely misses you.
There is an escape hatch in the floor here.
Flames lash the jackal.
The jackal is severely wounded.
The jackal's fire resistance burns away.
Flames lash the jackal.
You kill the jackal!
The jackal barely misses you. The jackal misses you. The jackal bites you.
The jackal barely misses you. x2
You fly downwards.
The hatch slams shut behind you.
The ball python hisses angrily.
Found 26 stones and a book of Frost.
You are too injured to fight recklessly!
You are too injured to fight recklessly!
You are too injured to fight recklessly!
You are too injured to fight recklessly!
Casting: Scorch (safe; 9% risk of failure)
Confirm with . or Enter, or press ? or * to list all spells.
Flames lash the jackal.
You kill the jackal!
* * * LOW HITPOINT WARNING * * *
The jackal is no longer more vulnerable to fire.
The jackal barely misses you. The hound skeleton bites you.
* * * LOW HITPOINT WARNING * * *
Casting: Scorch (safe; 8% risk of failure)
Confirm with . or Enter, or press ? or * to list all spells.
Flames lash the hound skeleton.
The hound skeleton is lightly damaged.
The hound skeleton's fire resistance burns away.
* * * LOW HITPOINT WARNING * * *
The jackal bites you but does no damage.
The hound skeleton bites you.
You die...

.# .# .# .# .#
.# #.###†#.#
#:.h@..(#
.......Z...S...
.#########.####
#


You could see a jackal, a ball python and a hound skeleton (combustible).

Vanquished Creatures
  An endoplasm (D:1)
  A goblin (D:1)
  2 hobgoblins (D:1)
  4 jackals
  2 kobolds (D:1)
  A frilled lizard (D:1)
  2 rats (D:1)
13 creatures vanquished.

Vanquished Creatures (others)
  20 foxfires (D:1)
20 creatures vanquished.

Grand Total: 33 creatures vanquished

Notes
Turn   | Place    | Note
-------+----------+-------------------------------------------
     0 | D:1      | Bruhh the Djinni Fire Elementalist began the quest for the
                  | Orb.
     0 | D:1      | Reached XP level 1. HP: 15/15 MP: 0/0
   274 | D:1      | Reached XP level 2. HP: 17/21 MP: 0/0
   398 | D:1      | Reached skill level 3 in Spellcasting
   411 | D:2      | Slain by a hound skeleton

Illustrated notes

Levels and vault maps discovered:
D:1:      scummos_arrival_hexagon, layout_basic, ebering_ecumenical_altar_mist,
          st_stairs_3
D:2:      layout_loops_ring

Skill      XL: |  1  2 |
---------------+-------+-----
Spellcasting   | 3 |  3.0
Dodging        | |  2.1
Stealth        | |  1.5

Action                   || total
-------------------------++-------
Melee: Unarmed           ||     2
 Cast: Foxfire           ||    15
       Scorch            ||     9
Armor: Robe              ||     3
Dodge: Dodged            ||    14
